 Dungeon Crawl Stone Soup version 0.21.1-1-g345015f (webtiles) character file.

88 pk666 the Magician (level 4, -3/24 HPs)
             Began as a Deep Elf Wizard on Feb 12, 2018.
             Slain by SaintRoka's ghost (12 damage)
             ... on level 3 of the Dungeon.
             The game lasted 00:05:20 (1778 turns).

pk666 the Magician (Deep Elf Wizard)                Turns: 1778, Time: 00:05:21

Health: -3/24      AC:  2    Str:  4    XL:     4   Next: 30%
Magic:  2/13       EV: 15    Int: 24    God:
Gold:   80         SH:  0    Dex: 13    Spells: 5/14 levels left

rFire    . . .     SeeInvis .   k - +0 dagger
rCold    . . .     Gourm    .   (no shield)
rNeg     . . .     Faith    .   a - +0 robe
rPois    .         Spirit   .   b - +0 hat
rElec    .         Reflect  .   (no cloak)
rCorr    .         Harm     .   (no gloves)
MR       .....                  (no boots)
Stlth    ++........             l - amulet of regeneration
HPRegen  0.48/turn              (no ring)
MPRegen  0.13/turn              n - +2 ring of evasion

@: no status effects
A: no striking features
a: no special abilities


You were on level 3 of the Dungeon.
You were not hungry.

You visited 1 branch of the dungeon, and saw 3 of its levels.

You collected 80 gold pieces.

Inventory:

Hand Weapons
 k - a +0 dagger (weapon)
Armour
 a - a +0 robe (worn)
 b - a +0 hat (worn)
Jewellery
 l - an amulet of regeneration (around neck)
 n - a +2 ring of evasion (right hand)
Scrolls
 h - a scroll of identify
 j - a scroll of blinking {unknown}
 m - a scroll of teleportation
Potions
 e - 2 potions of heal wounds {unknown}
 f - a potion of might
 i - 3 potions of curing {unknown}
 o - a potion of invisibility {unknown}
 p - a potion of agility {unknown}
Books
 c - a book of Minor Magic

   Spells                             Type                      Level
   a - Magic Dart                     Conjuration                  1
   b - Blink                          Translocation                2
   c - Call Imp                       Summoning                    2
   d - Slow                           Hexes                        2
   e - Conjure Flame                  Conjuration/Fire             3
   f - Mephitic Cloud                 Conjuration/Poison/Air       3
Comestibles
 d - 4 rations
 g - a chunk of flesh


   Skills:
 * Level 3.2 Dodging
 - Level 2.4 Stealth
 + Level 5.5 Spellcasting
 + Level 2.9 Conjurations
   Level 1.1 Summonings
 - Level 1.1 Translocations
 * Level 0.3 Fire Magic
 * Level 0.2 Air Magic
 * Level 0.1 Poison Magic


You had 5 spell levels left.
You knew the following spells:

 Your Spells              Type           Power        Failure   Level  Hunger
a - Magic Dart            Conj           ###.         2%          1    None
b - Blink                 Tloc           N/A          9%          2    None
d - Conjure Flame         Conj/Fire      ##......     13%         3    #......
z - Mephitic Cloud        Conj/Pois/Air  ##......     16%         3    #......


Dungeon Overview and Level Annotations

Branches:
Dungeon (3/15)

Altars:
Hepliaklqana

Annotations:
D:3 SaintRoka's ghost, weakling TrNe


Message History

You don't have enough magic to cast that spell.
Casting: Magic Dart
Confirm with . or Enter, or press ? or * to list all spells.
You don't have enough magic to cast that spell.
Casting: Magic Dart
Confirm with . or Enter, or press ? or * to list all spells.
You don't have enough magic to cast that spell.
You hit SaintRoka's ghost.
SaintRoka's ghost is severely damaged.
SaintRoka's ghost hits you!
You barely miss SaintRoka's ghost.
SaintRoka's ghost is severely damaged.
SaintRoka's ghost barely misses you. SaintRoka's ghost hits you.
SaintRoka's ghost hits you!
* * * LOW HITPOINT WARNING * * *
Found a leather armour.
SaintRoka's ghost hits you!
Ouch! That really hurt!
You die...

####### #.....#
#.....### +......[
#.....# #.....# ########
####..@W.#
.......#.##........#
......<#.##........#
.......#.##........+
.......#.##........#
.......#.##........#
.......#.##.....?..#
.......#.##........#
.......#.##...##.#######


You could see SaintRoka's ghost.

Vanquished Creatures
  3 gnolls (D:2)
  2 adders (D:2)
  A dart slug (D:1)
  A leopard gecko (D:1)
  A giant cockroach (D:2)
  4 goblins
  5 hobgoblins
  4 jackals (D:1)
  A ball python (D:1)
  6 bats
  4 frilled lizards
  4 kobolds
  6 rats
42 creatures vanquished.

Notes
Turn   | Place    | Note
-------+----------+-------------------------------------------
     0 | D:1      | pk666 the Deep Elf Wizard began the quest for the Orb.
     0 | D:1      | Reached XP level 1. HP: 10/10 MP: 7/7
   159 | D:1      | Reached XP level 2. HP: 15/15 MP: 0/9
   788 | D:1      | Reached skill level 5 in Spellcasting
   931 | D:2      | Reached XP level 3. HP: 19/19 MP: 8/11
   971 | D:2      | Found a hazy altar of Hepliaklqana.
  1031 | D:2      | Learned a level 2 spell: Blink
  1035 | D:2      | Learned a level 3 spell: Mephitic Cloud
  1039 | D:2      | Learned a level 3 spell: Conjure Flame
  1271 | D:2      | Reached XP level 4. HP: 19/24 MP: 5/13
  1616 | D:2      | Found a faded altar of an unknown god.
  1746 | D:3      | Noticed SaintRoka's ghost (weakling TrNe)
  1778 | D:3      | Slain by SaintRoka's ghost

Skill      XL: |  1  2  3 |
---------------+----------+-----
Conjurations   | 2 |  2.9
Spellcasting   | 5 |  5.5
Dodging        | 3 |  3.2
Stealth        | |  2.4
Summonings     | |  1.1
Translocations | |  1.1
Fire Magic     | |  0.3
Air Magic      | |  0.2
Poison Magic   | |  0.1

Action                   |  1- 3 |  4- 6 || total
-------------------------+-------+-------++-------
Melee: Unarmed           |     6 |       ||     6
       Dagger            |     3 |     2 ||     5
 Cast: Magic Dart        |    87 |    26 ||   113
       Conjure Flame     |       |     1 ||     1
  Use: Scroll            |     3 |     1 ||     4
  Eat: Chunk             |     1 |     1 ||     2
Armor: Robe              |     7 |       ||     7
Dodge: Dodged            |    24 |     2 ||    26
